 Dungeon Crawl Stone Soup version 0.27-a0-1301-g128193abf8 (webtiles) character file.

Game seed: 9005629304621386705

125 bilbop the Skirmisher (level 5, -2/47 HPs)
             Began as a Hill Orc Fighter on June 17, 2021.
             Slain by an adder (3 damage)
             ... on level 2 of the Dungeon.
             The game lasted 00:05:37 (1352 turns).

bilbop the Skirmisher (Hill Orc Fighter)            Turns: 1352, Time: 00:05:37

Health: -2/47      AC:  7    Str: 19    XL:     5   Next: 9%
Magic:  6/6        EV:  7    Int:  8    God:
Gold:   29         SH:  9    Dex: 11    Spells: 4/4 levels left

rFire    . . .     SeeInvis .   a - +0 war axe
rCold    . . .     Faith    .   c - +0 kite shield
rNeg     . . .     Spirit   .   b - +0 scale mail
rPois    .         Reflect  .   (no helmet)
rElec    .         Harm     .   (no cloak)
rCorr    .         Rampage  .   (no gloves)
Will     .....                  (no boots)
Stlth    ..........             (no amulet)
HPRegen  0.15/turn              (no ring)
MPRegen  0.10/turn              (no ring)

@: lethally poisoned (-2 -> -4)
A: no striking features
a: no special abilities


You were on level 2 of the Dungeon.
You visited 1 branch of the dungeon, and saw 2 of its levels.

You collected 57 gold pieces.
You spent 28 gold pieces at shops.

Inventory:

Hand Weapons
 a - a +0 war axe (weapon)
Missiles
 k - 3 curare-tipped darts (quivered)
Armour
 b - a +0 scale mail (worn)
 c - a +0 kite shield (worn)
Jewellery
 h - a +6 ring of intelligence
Scrolls
 e - a scroll of teleportation
 i - a scroll of magic mapping
 j - 2 scrolls of brand weapon
 l - a scroll of noise {unknown}
Potions
 d - a potion of might
 f - a potion of curing {unknown}
 g - a potion of attraction {unknown}
 m - a potion of heal wounds {unknown}
 n - 2 potions of invisibility {unknown}


   Skills:
 + Level 4.4 Fighting
 + Level 3.8 Axes
 + Level 4.0 Armour
 + Level 4.0 Shields
 + Level 2.4 Invocations


You had 4 spell levels left.
You didn't know any spells.
Your spell library was empty.

Dungeon Overview and Level Annotations

Branches:
Dungeon (2/15)

Altars:
Cheibriados

Shops:
D:2 (:*

Annotations:
D:2 Robin


Message History

You hit the goblin.
You kill the goblin!
You hit the hobgoblin.
You kill the hobgoblin!
You barely miss the adder. The adder barely misses you.
Robin throws the goblin at you!
* * * LOW HITPOINT WARNING * * *
The goblin hits you with a +0 club.
* * * LOW HITPOINT WARNING * * *
You block the adder's attack. Robin hits you but does no damage.
The goblin hits you but does no damage.
You slash the goblin!
You kill the goblin!
You barely miss the adder. You block the adder's attack.
Robin barely misses you. You block the adder's attack.
You block Robin's attack.
Things that are here:
a +0 club; a +0 club The adder bites you.
* * * LOW HITPOINT WARNING * * *
You are lethally poisoned!
The adder poisons you!
* * * LOW HITPOINT WARNING * * *
You feel sick.
Robin roars a battlecry!
The goblins go into a battle-frenzy!
* * * LOW HITPOINT WARNING * * *
You feel sick.
You miss the adder.
The adder is severely wounded.
* * * LOW HITPOINT WARNING * * *
You feel sick. The adder closely misses you. You block the adder's attack.
Robin hits you from afar with a +0 spear.
* * * LOW HITPOINT WARNING * * *
You closely miss the adder.
The adder is heavily wounded.
* * * LOW HITPOINT WARNING * * *
You feel sick. The adder barely misses you. Robin throws the goblin at you!
The goblin hits you but does no damage. The adder bites you.
You die...

.............#...#...#...#...#
........#.#....#...#†).#...#..
###.#.#.#####....#...#...#....
######.#.#.# #.....#..†#..#...
.......#.#.# #.#.....#...##...
...........# # #.#.......# ..
.#####.#.#.# .......##.... .
.#.......#.########.....#
.###.#.
............gggS@g......# .#
#. .#......##)#.######.....#
.# .#. #......##.#..∩ ......
... #......##S#.### # ...
#........g#.# ...
#......##g#.# ...
#......#..... #..
####.....g..# #.. .#. ...


You could see Robin, an adder, a hobgoblin and 2 goblins.

Vanquished Creatures
  A necrophage (D:2)
  A dart slug (D:2)
  A ball python (D:1)
  A bat (D:1)
  4 endoplasms (D:2)
  6 goblins
  4 hobgoblins
  4 jackals (D:2)
  A quokka (D:2)
  2 frilled lizards
  4 kobolds (D:1)
  5 rats (D:1)
34 creatures vanquished.

Notes
Turn   | Place    | Note
-------+----------+-------------------------------------------
     0 | D:1      | bilbop the Hill Orc Fighter began the quest for the Orb.
     0 | D:1      | Reached XP level 1. HP: 19/19 MP: 1/1
   231 | D:1      | Reached XP level 2. HP: 27/27 MP: 2/2
   300 | D:1      | Found a faded altar of an unknown god.
   418 | D:1      | Reached skill level 1 in Invocations
   764 | D:2      | Found Gelureid's Book Boutique.
   787 | D:2      | Found a snail-covered altar of Cheibriados.
   795 | D:2      | Found Kiurr's General Store.
   804 | D:2      | Bought a scroll of identify for 28 gold pieces
   934 | D:2      | Reached XP level 3. HP: 24/33 MP: 3/3
  1111 | D:2      | Noticed a necrophage
  1126 | D:2      | Killed a necrophage
  1127 | D:2      | Reached XP level 4. HP: 26/41 MP: 5/5
  1127 | D:2      | Reached XP level 5. HP: 29/47 MP: 6/6
  1327 | D:2      | Noticed Robin
  1336 | D:2      | Found Piesese's Antique Weapon Shop.
  1351 | D:2      | HP: 2/47 [Robin (1)]
  1352 | D:2      | Slain by an adder

Illustrated notes

Levels and vault maps discovered:
D:1:      dpeg_arrival_pits, layout_rooms, hellmonk_ecumenical_altar_crossroads,
          nrook_mini_backslash
D:2:      layout_basic, serial_shops, shop, nicolae_shop_crystal,
          shop_fountains, basic_altar, hex_large, uniq_terence, uniq_robin

Skill      XL: |  1  2  3 |
---------------+----------+-----
Axes           | 3 |  3.8
Invocations    | 1 2 |  2.4
Fighting       | 4 |  4.4
Armour         | 4 |  4.0
Shields        | 4 |  4.0

Action                   |  1- 3 |  4- 6 || total
-------------------------+-------+-------++-------
Melee: War axe           |    79 |    21 ||   100
  Use: Scroll            |     2 |     1 ||     3
Armor: Scale mail        |    42 |    21 ||    63
Dodge: Dodged            |    15 |    19 ||    34
Block: Kite shield       |    34 |    17 ||    51

Table legend: (Time is in decaauts)
 A = Elapsed time spent in this place.
 B = Non-inter-level travel time spent in this place.
 C = Inter-level travel time spent in this place.
 D = Time resting spent in this place.
 E = Time spent auto-exploring this place.
 F = Levels seen in this place.
 G = Mean time per level.
                   A        B        C        D        E       F      G
               +--------+--------+--------+--------+--------+-----+--------+
         Total |   1407 |   1386 |     21 |    115 |   1005 |   2 |  703.5 |
       Dungeon |   1407 |   1386 |     21 |    115 |   1005 |   2 |  703.5 |
               +--------+--------+--------+--------+--------+-----+--------+

Top non-repeatable levels by time:
     D:2: 746 daAuts
     D:1: 661 daAuts
